SR
CANONNIERS DE QUEBEC @ VALLEY VIEW COUGARS
07/26/2042
 
TOP OF THE 1ST
Canonniers de Quebec batting - Pitching for Valley View Cougars : RHP William Averett
Pitching: RHP William Averett
Batting: RHB Ron Johnson 0-0: Ball
1-0: Foul Ball, location: 2F
1-1: Foul Ball, location: 2F
1-2: Ball
2-2: Ball
3-2: Strikes out swinging
Batting: LHB Jake Hill 0-0: Foul Ball, location: 2F
0-1: Swinging Strike
0-2: Ball
1-2: Fly out, F7 (Flyball, 7, EV 85.6 MPH)
Batting: RHB Cam Lloyd 0-0: Swinging Strike
0-1: Called Strike
0-2: Ball
1-2: Strikes out swinging
Top of the 1st over - 0 runs, 0 hits, 0 errors, 0 left on base; Canonniers de Quebec 0 - Valley View 0
BOTTOM OF THE 1ST
Valley View Cougars batting - Pitching for Canonniers de Quebec : RHP Miguel Angel Craig
Pitching: RHP Miguel Angel Craig
Batting: RHB Joe Johnson 0-0: SINGLE (Line Drive, 8RS, EV 85.6 MPH)
Batting: RHB Jay Harris 0-0: Foul Ball, location: 2F
0-1: Ball
1-1: Ball
2-1: DOUBLE (Line Drive, 7LM, EV 96.9 MPH)
Joe Johnson to third
Runner from 3rd tries for Home, SAFE, throw by LF to trailing runner, SAFE at third!
Batting: LHB Jeff Booth 0-0: Ball
1-0: Foul Ball, location: 2F
1-1: Fly out, F7 (Line Drive, 7D, EV 95.0 MPH)
Runner from 3rd tags up, SCORES, throw by LF
Batting: RHB Gabe Joicey 0-0: Ball
1-0: Ball
2-0: Called Strike
2-1: Ball
3-1: Called Strike
3-2: SINGLE (Groundball, 13, EV 70.6 MPH) (infield hit)
Batting: SHB Markus Anderson 0-0: Foul Ball, location: 2F
0-1: Foul Ball, location: 2F
0-2: Ball
Pickoff Throw to First - Out! 1-3
1-2: Foul Ball, location: 2F
1-2: Strikes out swinging
Bottom of the 1st over - 2 runs, 3 hits, 0 errors, 0 left on base; Canonniers de Quebec 0 - Valley View 2
TOP OF THE 2ND
Canonniers de Quebec batting - Pitching for Valley View Cougars : RHP William Averett
Batting: RHB Nick West 0-0: Ball
1-0: Called Strike
1-1: Foul Ball, location: 2F
1-2: Strikes out looking
Batting: LHB Jason Longoria 0-0: Called Strike
0-1: Called Strike
0-2: Ball
1-2: Strikes out swinging
Batting: RHB Juan Cortéz 0-0: Ball
1-0: Ball
2-0: Ball
3-0: Called Strike
3-1: Called Strike
3-2: Fly out, F7 (Flyball, 78D, EV 93.8 MPH)
Top of the 2nd over - 0 runs, 0 hits, 0 errors, 0 left on base; Canonniers de Quebec 0 - Valley View 2
BOTTOM OF THE 2ND
Valley View Cougars batting - Pitching for Canonniers de Quebec : RHP Miguel Angel Craig
Batting: RHB Okalani Karri 0-0: Ball
1-0: Fly out, F8 (Flyball, 8RD, EV 84.4 MPH)
Batting: RHB Shaun Kingsley 0-0: Called Strike
0-1: Ground out 6-3 (Groundball, 6S, EV 91.2 MPH)
Batting: RHB Frank Corbett 0-0: Called Strike
0-1: Ball
1-1: Ball
2-1: Ball
3-1: Called Strike
3-2: Strikes out swinging
Bottom of the 2nd over - 0 runs, 0 hits, 0 errors, 0 left on base; Canonniers de Quebec 0 - Valley View 2
TOP OF THE 3RD
Canonniers de Quebec batting - Pitching for Valley View Cougars : RHP William Averett
Batting: RHB Jon Branch 0-0: Ball
1-0: Ground out 5-3 (Groundball, 56, EV 81.2 MPH)
Batting: RHB Manny Costello 0-0: Called Strike
0-1: Called Strike
0-2: Foul Ball, location: 2F
0-2: Strikes out swinging
Batting: RHB Ludwig Mangin 0-0: Called Strike
0-1: Ball
1-1: Swinging Strike
1-2: Foul Ball, location: 2F
1-2: Ball
2-2: Strikes out swinging
Top of the 3rd over - 0 runs, 0 hits, 0 errors, 0 left on base; Canonniers de Quebec 0 - Valley View 2
BOTTOM OF THE 3RD
Valley View Cougars batting - Pitching for Canonniers de Quebec : RHP Miguel Angel Craig
Batting: LHB Héctor Rivera 0-0: Foul Ball, location: 2F
0-1: Ball
1-1: Ball
2-1: Swinging Strike
2-2: Fly out, F9 (Flyball, 9LM, EV 93.8 MPH)
Batting: RHB Joe Johnson 0-0: Ball
1-0: SINGLE (Groundball, 13S, EV 71.9 MPH) (infield hit)
Batting: RHB Jay Harris 0-0: Called Strike
0-1: Ball
Joe Johnson steals 2nd base
1-1: Ball
2-1: Foul Ball, location: 2F
2-2: Fly out, F7 (Flyball, 7D, EV 99.4 MPH)
Runner from 2nd tags up, SAFE at 3rd with throw by LF
Batting: LHB Jeff Booth 0-0: Foul Ball, location: 2F
0-1: Ball
1-1: Ball
2-1: Foul Ball, location: 2F
2-2: Ball
3-2: Foul Ball, location: 2F
3-2: SINGLE (Groundball, 34D, EV 98.8 MPH)
Joe Johnson scores
Batting: RHB Gabe Joicey 0-0: Ball
1-0: Ball
2-0: Reached on error, E7 (Flyball, 78S, EV 92.5 MPH)
Jeff Booth to third
Batting: SHB Markus Anderson 0-0: Ball
1-0: Called Strike
1-1: Ball
2-1: Foul Ball, location: 2F
2-2: Ball
3-2: DOUBLE (Flyball, 8LXD, EV 104.4 MPH)
Jeff Booth scores
Gabe Joicey scores
Batting: RHB Okalani Karri 0-0: SINGLE (Line Drive, 7LS, EV 96.2 MPH)
Markus Anderson to third
Batting: RHB Shaun Kingsley 0-0: SINGLE (Groundball, 4M, EV 101.2 MPH) (infield hit)
Markus Anderson scores
Okalani Karri to second
Batting: RHB Frank Corbett 0-0: SINGLE (Line Drive, 8LS, EV 101.9 MPH)
Okalani Karri to third
Shaun Kingsley to second
Runner from 3rd tries for Home, SAFE, throw by CF to home
Batting: LHB Héctor Rivera 0-0: Ball
1-0: Ball
2-0: Foul Ball, location: 2F
2-1: Foul Ball, location: 2F
2-2: Ball
3-2: Foul Ball, location: 2F
3-2: Foul Ball, location: 2F
3-2: SINGLE (Groundball, 6, EV 84.4 MPH) (infield hit)
Shaun Kingsley to third
Frank Corbett to second
Batting: RHB Joe Johnson 0-0: Ball
1-0: Fielders Choice at 2nd, 6-4 (Groundball, 6, EV 84.4 MPH)
Bottom of the 3rd over - 5 runs, 7 hits, 1 error, 3 left on base; Canonniers de Quebec 0 - Valley View 7
TOP OF THE 4TH
Canonniers de Quebec batting - Pitching for Valley View Cougars : RHP William Averett
Batting: RHB Ron Johnson 0-0: Foul Ball, location: 2F
0-1: Ball
1-1: SINGLE (Groundball, 6D, EV 105.0 MPH)
Batting: LHB Jake Hill 0-0: Ball
1-0: Called Strike
1-1: Called Strike
1-2: Foul Ball, location: 2F
1-2: Strikes out looking
Batting: RHB Cam Lloyd 0-0: Swinging Strike
0-1: Ball
1-1: Foul Ball, location: 2F
1-2: Foul Ball, location: 2F
1-2: Strikes out swinging
Batting: RHB Nick West 0-0: Called Strike
0-1: Called Strike
0-2: Ball
1-2: Strikes out looking
Top of the 4th over - 0 runs, 1 hit, 0 errors, 1 left on base; Canonniers de Quebec 0 - Valley View 7
BOTTOM OF THE 4TH
Valley View Cougars batting - Pitching for Canonniers de Quebec : RHP Miguel Angel Craig
Batting: RHB Jay Harris 0-0: Foul Ball, location: 2F
0-1: Ground out 2-3 (Groundball, 2R, EV 75.6 MPH)
Batting: LHB Jeff Booth 0-0: Foul Ball, location: 2F
0-1: Ball
1-1: Ball
2-1: Ground out 4-3 (Groundball, 34, EV 90.6 MPH)
Batting: RHB Gabe Joicey 0-0: Ball
1-0: SINGLE (Line Drive, 89M, EV 109.4 MPH)
Batting: SHB Markus Anderson 0-0: Ball
1-0: Ball
2-0: Called Strike
2-1: Foul Ball, location: 2F
2-2: TRIPLE (Line Drive, 9D, EV 105.6 MPH)
Gabe Joicey scores
Pitching: LHP Tsu-wee Yeh
Batting: RHB Okalani Karri 0-0: Called Strike
0-1: DOUBLE (Flyball, 8RXD, EV 101.9 MPH)
Markus Anderson scores
Batting: RHB Shaun Kingsley 0-0: Ball
1-0: SINGLE (Line Drive, 78S, EV 86.9 MPH)
Okalani Karri to third
Batting: RHB Frank Corbett 0-0: Called Strike
0-1: Called Strike
0-2: Ball
1-2: Strikes out swinging
Bottom of the 4th over - 2 runs, 4 hits, 0 errors, 2 left on base; Canonniers de Quebec 0 - Valley View 9
TOP OF THE 5TH
Canonniers de Quebec batting - Pitching for Valley View Cougars : RHP William Averett
Batting: LHB Jason Longoria 0-0: Called Strike
0-1: SINGLE (Groundball, 4S, EV 76.2 MPH) (infield hit)
Batting: RHB Juan Cortéz 0-0: Called Strike
0-1: Ball
1-1: Ball
2-1: Ball
3-1: Foul Ball, location: 2F
3-2: 2-RUN HOME RUN (Flyball, 78XD, EV 94.4 MPH), Distance : 402 ft
Batting: RHB Jon Branch 0-0: Fly out, F8 (Flyball, 8LD, EV 93.1 MPH)
Batting: RHB Manny Costello 0-0: Called Strike
0-1: Ground out 6-3 (Groundball, 6, EV 104.4 MPH)
Batting: RHB Ludwig Mangin 0-0: Ball
1-0: Fly out, F8 (Line Drive, 8RM, EV 111.9 MPH)
Top of the 5th over - 2 runs, 2 hits, 0 errors, 0 left on base; Canonniers de Quebec 2 - Valley View 9
BOTTOM OF THE 5TH
Valley View Cougars batting - Pitching for Canonniers de Quebec : LHP Tsu-wee Yeh
Batting: LHB Héctor Rivera 0-0: Ball
1-0: Foul Ball, location: 2F
1-1: Ball
2-1: Ball
3-1: Foul Ball, location: 2F
3-2: Foul Ball, location: 2F
3-2: Fly out, F9 (Flyball, 9D, EV 90.6 MPH)
Batting: RHB Joe Johnson 0-0: Ball
1-0: Swinging Strike
1-1: Swinging Strike
1-2: Strikes out swinging
Batting: RHB Jay Harris 0-0: Called Strike
0-1: Ball
1-1: Ball
2-1: Foul Ball, location: 2F
2-2: Ball
3-2: Fly out, F6 (Popup, P, EV 86.2 MPH)
Bottom of the 5th over - 0 runs, 0 hits, 0 errors, 0 left on base; Canonniers de Quebec 2 - Valley View 9
TOP OF THE 6TH
Canonniers de Quebec batting - Pitching for Valley View Cougars : RHP William Averett
Batting: RHB Ron Johnson 0-0: Ball
1-0: Ball
2-0: Called Strike
2-1: Foul Ball, location: 2F
2-2: Strikes out swinging
Batting: LHB Jake Hill 0-0: Called Strike
0-1: Ground out 1-3 (Groundball, 34S, EV 73.1 MPH)
Batting: RHB Cam Lloyd 0-0: Swinging Strike
0-1: Ball
1-1: Swinging Strike
1-2: Ball
2-2: Strikes out swinging
Top of the 6th over - 0 runs, 0 hits, 0 errors, 0 left on base; Canonniers de Quebec 2 - Valley View 9
BOTTOM OF THE 6TH
Valley View Cougars batting - Pitching for Canonniers de Quebec : LHP Tsu-wee Yeh
Batting: LHB Jeff Booth 0-0: Called Strike
0-1: Ball
1-1: Swinging Strike
1-2: SINGLE (Line Drive, 9S, EV 106.2 MPH)
Batting: RHB Gabe Joicey 0-0: Ball
1-0: Fly out, F8 (Flyball, 8RXD, EV 85.0 MPH)
Batting: SHB Markus Anderson 0-0: Ball
Jeff Booth steals 2nd base
1-0: Ball
2-0: Foul Ball, location: 2F
2-1: Called Strike
2-2: Foul Ball, location: 2F
2-2: 2-RUN HOME RUN (Flyball, 7D, EV 113.8 MPH), Distance : 360 ft
Pitching: RHP Pedro Maestas
Batting: RHB Okalani Karri 0-0: Ball
1-0: Ground out 6-3 (Groundball, 6M, EV 88.8 MPH)
Batting: RHB Shaun Kingsley 0-0: Fly out, F8 (Flyball, 89M, EV 90.6 MPH)
Bottom of the 6th over - 2 runs, 2 hits, 0 errors, 0 left on base; Canonniers de Quebec 2 - Valley View 11
TOP OF THE 7TH
Canonniers de Quebec batting - Pitching for Valley View Cougars : RHP William Averett
Batting: RHB Nick West 0-0: Called Strike
0-1: Ball
1-1: Called Strike
1-2: Foul Ball, location: 2F
1-2: Foul Ball, location: 2F
1-2: Ball
2-2: Ball
3-2: Foul Ball, location: 2F
3-2: Base on Balls
Pitching: RHP Alan Gilbert
Batting: LHB Jason Longoria 0-0: Ball
1-0: Fielders Choice at 2nd, 3-6 (Groundball, 34, EV 86.9 MPH)
Batting: RHB Juan Cortéz 0-0: Ball
Jason Longoria steals 2nd base (no throw)
1-0: DOUBLE (Flyball, 89XD, EV 91.9 MPH)
Jason Longoria scores
Batting: RHB Jon Branch 0-0: Called Strike
0-1: Called Strike
0-2: Ball
1-2: Strikes out swinging
Batting: RHB Manny Costello 0-0: Ball
1-0: Ball
2-0: Called Strike
2-1: Fly out, F5 (Popup, 56S, EV 76.9 MPH)
Top of the 7th over - 1 run, 1 hit, 0 errors, 1 left on base; Canonniers de Quebec 3 - Valley View 11
BOTTOM OF THE 7TH
Valley View Cougars batting - Pitching for Canonniers de Quebec : RHP Pedro Maestas
Batting: RHB Frank Corbett 0-0: Ball
1-0: Ball
2-0: Called Strike
2-1: Ground out 5-3 (Groundball, 56S, EV 81.2 MPH)
Batting: LHB Héctor Rivera 0-0: Swinging Strike
0-1: Ball
1-1: Swinging Strike
1-2: Foul Ball, location: 2F
1-2: Ball
2-2: Foul Ball, location: 2F
2-2: Strikes out looking
Pinch Hitting: RHB Herb Booth 0-0: Foul Ball, location: 2F
0-1: Fly out, F7 (Line Drive, 7, EV 94.4 MPH)
Bottom of the 7th over - 0 runs, 0 hits, 0 errors, 0 left on base; Canonniers de Quebec 3 - Valley View 11
TOP OF THE 8TH
Canonniers de Quebec batting - Pitching for Valley View Cougars : RHP Alan Gilbert
Now at 2B: Herb Booth
Batting: RHB Ludwig Mangin 0-0: Called Strike
0-1: Called Strike
0-2: Hit by Pitch
Batting: RHB Ron Johnson 0-0: Called Strike
0-1: Swinging Strike
0-2: Strikes out looking
Batting: LHB Jake Hill 0-0: Called Strike
0-1: Swinging Strike
0-2: Strikes out swinging
Batting: RHB Cam Lloyd 0-0: Ball
1-0: Foul Ball, location: 2F
1-1: Ball
2-1: Ball
3-1: Base on Balls
Ludwig Mangin to second
Batting: RHB Nick West 0-0: Foul Ball, location: 2F
0-1: Called Strike
0-2: Foul Ball, location: 2F
0-2: Ball
1-2: TRIPLE (Flyball, 89XD, EV 102.5 MPH)
Ludwig Mangin scores
Cam Lloyd scores
Batting: LHB Jason Longoria 0-0: Fly out, F9 (Flyball, 89M, EV 90.6 MPH)
Top of the 8th over - 2 runs, 1 hit, 0 errors, 1 left on base; Canonniers de Quebec 5 - Valley View 11
BOTTOM OF THE 8TH
Valley View Cougars batting - Pitching for Canonniers de Quebec : RHP Pedro Maestas
Batting: RHB Jay Harris 0-0: Ball
1-0: Ball
2-0: DOUBLE (Line Drive, 89M, EV 98.1 MPH)
Batting: LHB Jeff Booth 0-0: Ball
Wild Pitch!
Jay Harris to third
1-0: Ball
2-0: Ball
3-0: Called Strike
3-1: Base on Balls
Batting: RHB Gabe Joicey 0-0: Ball
1-0: Swinging Strike
1-1: Fly out, F7 (Flyball, 7LSF, EV 89.4 MPH)
Runner from 3rd tags up, SCORES, no throw by LF
Batting: SHB Markus Anderson 0-0: Ball
1-0: Called Strike
1-1: Ball
Jeff Booth steals 2nd base
2-1: Swinging Strike
2-2: TRIPLE (Line Drive, 9LD, EV 105.0 MPH)
Jeff Booth scores
Batting: RHB Okalani Karri 0-0: Called Strike
0-1: Called Strike
0-2: Ball
1-2: Strikes out looking
Batting: RHB Shaun Kingsley 0-0: Called Strike
0-1: Reached on error, E5 (Groundball, 56, EV 83.8 MPH)
Markus Anderson scores
Batting: RHB Frank Corbett 0-0: Called Strike
0-1: Swinging Strike
0-2: Ball
1-2: Strikes out looking and he ARGUES THE CALL AND IS TOSSED!
Bottom of the 8th over - 3 runs, 2 hits, 1 error, 1 left on base; Canonniers de Quebec 5 - Valley View 14
TOP OF THE 9TH
Canonniers de Quebec batting - Pitching for Valley View Cougars : RHP Alan Gilbert
Pinch Hitting: RHB Gael Kerwin 0-0: Ball
1-0: SINGLE (Flyball, 78M, EV 93.8 MPH)
Batting: RHB Jon Branch 0-0: Grounds into double play, 1-6-3 (Groundball, 34S, EV 82.5 MPH)
Batting: RHB Manny Costello 0-0: SOLO HOME RUN (Flyball, 89XD, EV 108.8 MPH), Distance : 400 ft
Batting: RHB Ludwig Mangin 0-0: Ball
1-0: Called Strike
1-1: Fly out, F7 (Line Drive, 7, EV 108.1 MPH)
Top of the 9th over - 1 run, 2 hits, 0 errors, 0 left on base; Canonniers de Quebec 6 - Valley View 14
Friday, March 26th, 2021 - OOTP Baseball 20.8 Build 74